 Dungeon Crawl Stone Soup version 0.20-a0-296-gf222164 (webtiles) character file.

159 Da5id the Chopper (level 5, -4/45 HPs)
             Began as a Hill Orc Fighter on Dec 14, 2016.
             Slain by a gnoll
             ... wielding a +0 halberd
              (5 damage)
             ... on level 5 of the Dungeon.
             The game lasted 00:03:41 (4698 turns).

Da5id the Chopper (Hill Orc Fighter)                Turns: 4698, Time: 00:03:42

Health: -4/45      AC:  6    Str: 25    XL:     5   Next: 40%
Magic:  5/5        EV:  7    Int:  8    God:
Gold:   216        SH:  9    Dex: 10    Spells: 4/4 levels left

rFire  . . .     SeeInvis +     a - +0 war axe
rCold  . . .     Gourm    .     b - +0 scale mail
rNeg   . . .     Faith    .     c - +0 shield
rPois  .         Spirit   .     (no helmet)
rElec  .         Reflect  .     (no cloak)
rCorr  .         Harm     .     (no gloves)
MR     .....                    (no boots)
Stlth  +.........               (no amulet)
                                p - ring of see invisible
                                h - ring of stealth

@: mighty
A: no striking features
a: no special abilities


You were on level 5 of the Dungeon.
You were not hungry.

You visited 1 branch of the dungeon, and saw 5 of its levels.

You collected 216 gold pieces.

Inventory:

Hand Weapons
 a - a +0 war axe (weapon)
Missiles
 B - 6 bolts
Armour
 b - a +0 scale mail (worn)
 c - a +0 shield (worn)
 w - a +1 cloak
Jewellery
 h - a ring of stealth (left hand)
 p - a ring of see invisible (right hand)
 v - a +3 ring of evasion {unknown}
 x - a +2 ring of strength {unknown}
Wands
 u - a wand of polymorph (10/24)
Scrolls
 e - 3 scrolls of identify {unknown}
 j - 5 scrolls of remove curse {unknown}
 m - a scroll of immolation {unknown}
 o - 3 scrolls of enchant armour {unknown}
 r - a scroll of fog {unknown}
 s - a scroll of recharging {unknown}
 y - a scroll of noise {unknown}
Potions
 d - 2 potions of might
 i - a potion of cure mutation {unknown}
 k - a potion of lignification {unknown}
 n - a potion of curing {unknown}
 t - a potion of brilliance {unknown}
 A - a potion of resistance {unknown}
Comestibles
 f - 6 bread rations
 g - a fruit
 l - 4 beef jerkies
 z - a meat ration


   Skills:
 - Level 3.6 Fighting
 + Level 7.2 Axes
 - Level 3.2 Armour
 - Level 3.2 Shields


You had 4 spell levels left.
You didn't know any spells.

Dungeon Overview and Level Annotations

Branches:
Dungeon (5/15)
 Temple: D:4-7

Altars:

Shops:
D:4 }


Message History

You block the gnoll's attack. The gnoll hits you with a flail.
The gnoll barely misses you.
You see here a spear.
Your scale mail prevents you from hitting the gnoll.
You hit the gnoll. You closely miss the gnoll.
The gnoll hits you with a halberd. The gnoll barely misses you.
You block the gnoll's attack. The gnoll hits you with a spear.
You closely miss the gnoll. x2; You barely miss the gnoll.
The gnoll barely misses you. You block the gnoll's attack.
The gnoll hits you with a spear!
* * * LOW HITPOINT WARNING * * *
You hit the gnoll.
The gnoll is moderately wounded.
You hit the gnoll. You hit the gnoll but do no damage.
You block the gnoll's attack. The gnoll hits you with a flail.
* * * LOW HITPOINT WARNING * * *
The gnoll completely misses you.
It was a potion of magic.
Magic courses through your body. The gnoll hits you with a halberd.
You die...

....## #..##...##...
#....## ##.......#..#
...#..## ##..#.......#
....#..####..####....##
##..##......## #...##
###..##....## #....# #
##..##...## ##...## ##
#........# #.....###
.####...#...# #@g.......
..###...#...##
#.gg.....##
#...##.###...##......$..#
###...#.###..#....####.##
##.####.#..##..### .#
##.## ########. # #.## ##
.## ##


You could see 3 gnolls.

Vanquished Creatures
  A worker ant (D:4)
  A gnoll (D:5)
  6 adders
  2 worms
  A dart slug (D:4)
  A leopard gecko (D:2)
  An orc (D:4)
  4 giant cockroaches
  9 goblins
  10 hobgoblins
  9 kobolds
  A ball python (D:3)
  6 bats
  4 frilled lizards
  12 rats
68 creatures vanquished.

Notes
Turn   | Place    | Note
-------+----------+-------------------------------------------
     0 | D:1      | Da5id the Hill Orc Fighter began the quest for the Orb.
     0 | D:1      | Reached XP level 1. HP: 19/19 MP: 1/1
    29 | D:1      | Reached skill level 3 in Axes
   167 | D:1      | Reached XP level 2. HP: 26/26 MP: 2/2
  1122 | D:2      | Reached skill level 4 in Axes
  1287 | D:2      | Reached XP level 3. HP: 22/31 MP: 3/3
  1645 | D:2      | Reached skill level 5 in Axes
  2197 | D:3      | Reached XP level 4. HP: 35/39 MP: 4/4
  2891 | D:3      | Reached skill level 6 in Axes
  3716 | D:3      | Reached XP level 5. HP: 45/45 MP: 5/5
  3751 | D:4      | Reached skill level 7 in Axes
  3755 | D:4      | Found Lauk's Gadget Emporium.
  4471 | D:5      | Entered Level 5 of the Dungeon
  4697 | D:5      | HP: 1/45 [gnoll/flail (4)]
  4698 | D:5      | Slain by a gnoll

Vault maps used:
D:1:      onia_arrival_mini_maze_b
D:3:      first_bread
D:4:      serial_shops, nicolae_shop_stone
D:5:      lemuel_tele_altar

Skill      XL: |  1  2  3  4  5 |
---------------+----------------+-----
Axes           | 3 4 5 6 7 |  7.2
Fighting       | |  3.6
Armour         | |  3.2
Shields        | |  3.2

Action                   |  1- 3 |  4- 6 || total
-------------------------+-------+-------++-------
Melee: War axe           |    88 |    95 ||   183
  Use: Potion            |       |     2 ||     2
  Eat: Chunk             |     4 |     8 ||    12
Armor: Scale mail        |    37 |    23 ||    60
Dodge: Dodged            |    18 |    34 ||    52
Block: Shield            |    48 |    45 ||    93
